 Dungeon Crawl Stone Soup version 0.30-a0-918-g0ff054e9dc (webtiles) character file.

Game seed: 1254718725671773328

21 Ghaji the Trooper (level 2, -7/27 HPs)
             Began as a Minotaur Monk on Mar 20, 2023.
             Mangled by a worm (9 damage)
             ... on level 2 of the Dungeon.
             The game lasted 00:02:03 (824 turns).

Ghaji the Trooper (Minotaur Monk)                    Turns: 824, Time: 00:02:04

Health: -7/27      AC:  3    Str: 15    XL:     2   Next: 62%
Magic:  1/1        EV: 12    Int:  7    God:
Gold:   54         SH:  0    Dex: 12    Spells: 1/1 levels left

rFire   . . .      SeeInvis .    a - +0 falchion
rCold   . . .      Faith    .    (no shield)
rNeg    . . .      Spirit   .    b - +0 robe
rPois   .          Reflect  .    (helmet restricted)
rElec   .          Rampage  .    k - +0 cloak
rCorr   .                        (no gloves)
Will    .....                    (no boots)
Stlth   ++                       (no amulet)
HPRegen 0.24/turn                (no ring)
MPRegen 0.07/turn                (no ring)

@: no status effects
A: horns 2, retaliatory headbutt
a: no special abilities


You were on level 2 of the Dungeon.
You visited 1 branch of the dungeon, and saw 2 of its levels.

You collected 54 gold pieces.

Inventory:

Hand Weapons
 a - a +0 falchion (weapon)
Missiles
 f - a throwing net (quivered)
Armour
 b - a +0 robe (worn)
 k - a +0 cloak (worn)
Magical Staves
 e - a staff of death
Scrolls
 d - a scroll of noise {unknown}
 i - a scroll of identify {unknown}
 j - a scroll of teleportation {unknown}
Potions
 c - a potion of ambrosia
 g - a potion of curing {unknown}
 h - a potion of heal wounds {unknown}


   Skills:
 + Level 4.3 Fighting
 + Level 4.2 Long Blades
 + Level 3.2 Dodging
 + Level 1.6 Stealth


You had one spell level left.
You didn't know any spells.
Your spell library was empty.

Dungeon Overview and Level Annotations

Branches:
Dungeon (2/15)

Altars:


Innate Abilities, Weirdness & Mutations

You have a pair of horns on your head.
You reflexively headbutt those who attack you in melee.


Message History

A worm comes into view.
You see here a hobgoblin corpse.
The goblin closely misses you. You furiously retaliate!
You headbutt the goblin. You closely miss the goblin.
The goblin is heavily wounded.
The goblin hits you with a +0 club.
You barely miss the goblin.
The goblin is heavily wounded.
The goblin hits you with a +0 club.
You barely miss the goblin.
The goblin is heavily wounded.
The goblin hits you with a +0 club. The goblin barely misses you.
You hit the goblin but do no damage. Your punch misses the goblin.
The goblin is heavily wounded.
The goblin closely misses you.
You closely miss the goblin.
The goblin is heavily wounded.
The goblin closely misses you. The goblin completely misses you.
The goblin attacks as you move away! The goblin closely misses you.
You closely miss the goblin.
The goblin is heavily wounded.
The goblin hits you with a +0 club.
You closely miss the goblin. Your headbutt misses the goblin.
The goblin is heavily wounded.
The goblin hits you with a +0 club.
You hit the goblin.
You kill the goblin!
The worm bites you!
* * * LOW HITPOINT WARNING * * *
You see here a +0 club.
You slash the worm!
The worm is heavily wounded.
The worm bites you!
* * * LOW HITPOINT WARNING * * *
You hit the worm.
The worm is severely wounded.
The worm bites you!
You die...

# # # #######
########## ......#
#........#
#####.###.######.#
#.....# #@#
####### ##w##
#†..# .......###<#
....... .# ..####.
# ##


You could see a worm.

Vanquished Creatures
  A giant cockroach (D:1)
  3 goblins
  3 hobgoblins
  6 kobolds (D:1)
  2 ball pythons (D:1)
  2 bats
  A frilled lizard (D:1)
18 creatures vanquished.

Notes
Turn   | Place    | Note
-------+----------+-------------------------------------------
     0 | D:1      | Ghaji the Minotaur Monk began the quest for the Orb.
     0 | D:1      | Reached XP level 1. HP: 19/19 MP: 0/0
    79 | D:1      | Reached XP level 2. HP: 26/27 MP: 1/1
   823 | D:2      | HP: 1/27 [worm (8)]
   824 | D:2      | Mangled by a worm

Illustrated notes

Levels and vault maps discovered:
D:1:      minmay_arrival_doors, layout_basic
D:2:      layout_loops_ring, basic_altar

Skill      XL: |  1 |
---------------+----+-----
Fighting       | 4 |  4.3
Long Blades    | 4 |  4.2
Dodging        | |  3.2
Stealth        | |  1.6

Action                     || total
---------------------------++-------
  Melee: Falchion          ||    40
         Headbutt          ||     4
 Armour: Robe              ||     8
  Dodge: Dodged            ||    28

Table legend: (Time is in decaauts)
 A = Elapsed time spent in this place.
 B = Non-inter-level travel time spent in this place.
 C = Inter-level travel time spent in this place.
 D = Time resting spent in this place.
 E = Time spent auto-exploring this place.
 F = Levels seen in this place.
 G = Mean time per level.
                   A        B        C        D        E       F      G
               +--------+--------+--------+--------+--------+-----+--------+
         Total |    827 |    827 |      0 |      0 |    642 |   2 |  413.5 |
       Dungeon |    827 |    827 |      0 |      0 |    642 |   2 |  413.5 |
               +--------+--------+--------+--------+--------+-----+--------+

Top non-repeatable levels by time:
     D:1: 709 daAuts
     D:2: 118 daAuts
